 Dungeon Crawl Stone Soup version 0.29.1-15-g9cfb28693d (webtiles) character file.

Game seed: 17899860664856480281

2 croobank the Sneak (level 1, -5/24 HPs)
             Began as an Octopode Delver on Apr 28, 2023.
             Slain by Grinder (9 damage)
             ... on level 5 of the Dungeon.
             The game lasted 00:00:54 (186 turns).

croobank the Sneak (Octopode Delver)                 Turns: 186, Time: 00:00:55

Health: -5/24      AC:  1    Str: 11    XL:     1   Next: 30%
Magic:  1/1        EV: 13    Int: 12    God:
Gold:   16         SH:  0    Dex: 13    Spells: 0/0 levels left

rFire   . . .      SeeInvis .   a - +0 hand axe
rCold   . . .      Faith    .   (no shield)
rNeg    . . .      Spirit   .   (helmet restricted)
rPois   .          Reflect  .   (no amulet)
rElec   .          Harm     .   (no ring)
rCorr   .          Rampage  .   (no ring)
Will    .....                   (no ring)
Stlth   ..........              (no ring)
HPRegen 0.08/turn               (no ring)
MPRegen 0.07/turn               (no ring)
                                (no ring)
                                (no ring)

@: berserking, very quick
A: almost no armour, amphibious, 8 rings, camouflage 1, gelatinous body 1,
(nimble swimmer 1), tentacles
a: no special abilities


You were on level 5 of the Dungeon.
You visited 1 branch of the dungeon, and saw 2 of its levels.

You collected 16 gold pieces.

Inventory:

Hand Weapons
 a - a +0 hand axe (weapon)
Wands
 f - a wand of digging (3)
Scrolls
 b - a scroll of fog
 c - a scroll of magic mapping
Potions
 e - a potion of haste


   Skills:
 + Level 3.0 Fighting
 + Level 2.0 Axes
 + Level 2.0 Dodging
 + Level 6.6 Stealth


You couldn't memorise any spells.
You didn't know any spells.
Your spell library was empty.

Dungeon Overview and Level Annotations

Branches:
Dungeon (6/15)
 Temple: D:4-7

Altars:

Annotations:
D:5 Grinder, Prince Ribbit


Innate Abilities, Weirdness & Mutations

You cannot wear most types of armour.
You are amphibious.
You can wear up to eight rings at the same time.
Your skin changes colour to match your surroundings (Stealth+).
Your rubbery body absorbs attacks. (AC +1, EV +1)
((You are camouflaged when in or above water. (Stealth+)))
You have tentacles for arms and can constrict up to eight enemies at once.


Message History

Done waiting.
Prince Ribbit comes into view.
Found a runed ring mail.
You see here 2 stones.
Grinder comes into view.
Found a scroll labelled HYECAU PUVOTI.
As you read the scroll of fear, it crumbles to dust.
You assume a fearsome visage.
Grinder looks frightened!
Grinder blinks!
Grinder blinks!
Grinder blinks!
Found a fuming grey potion.
An orc comes into view. It is wielding a +0 short sword.
A hound comes into view.
The orc hits you with a +0 short sword.
You hit the orc. You grab the orc.
The orc is heavily wounded.
You constrict the orc. The orc completely misses you.
You hit the orc.
You kill the orc!
d - a fuming grey potion Grinder shouts!
You hear a bark!
Okay, then.
Okay, then.
It was a potion of berserk rage.
A red film seems to cover your vision as you go berserk!
You feel yourself moving faster!
You feel mighty!
You slash Grinder! Your grab misses Grinder.
Grinder is lightly wounded.
Grinder gestures at you.
You suddenly lose the ability to move!
Grinder hits you but does no damage. Grinder hits you!
The hound barks!
Grinder hits you.
You writhe in agony.
* * * LOW HITPOINT WARNING * * *
You can move again.
You slash Grinder! You grab Grinder.
Grinder is moderately wounded.
You constrict Grinder. Grinder hits you!
You die...

. #####.........
#.#
#.........#.#
#...##
#...........# .
#...##.........#
..
#........h)..#
...
###..........#
....
#.#.........#
.....
#.##.5......#
.....#
##.###.@....##
.....# #.##
##....## ....#
##.# ##..##
....# ##..# ####
....# #..###
...# ##....#
...# ##.....#
...###......##
..##.........##


You could see Grinder and a hound.

Vanquished Creatures
  An orc (D:5)
1 creature vanquished.

Notes
Turn   | Place    | Note
-------+----------+-------------------------------------------
     0 | D:5      | croobank the Octopode Delver began the quest for the Orb.
     0 | D:5      | Reached XP level 1. HP: 16/16 MP: 1/1
    15 | D:6      | Noticed a necrophage
   123 | D:5      | Noticed Prince Ribbit
   143 | D:5      | Noticed Grinder
   168 | D:5      | Noticed a hound
   182 | D:5      | Paralysed by Grinder for 3 turns
   186 | D:5      | Slain by Grinder

Illustrated notes

Levels and vault maps discovered:
D:5:      minmay_thinvault, layout_cave_pods, uniq_edmund, uniq_grinder,
          uniq_prince_ribbit1
D:6:      wander_river, layout_cave_pools, gup_sewer_entry_bubbles,
          nicolae_elevator_lobby_asterisk

Action                   || total
-------------------------++-------
Melee: Hand axe          ||     4
       Constrict         ||     2
  Use: Scroll            ||     1
       Potion            ||     1
Armor: Skin              ||     1
Dodge: Dodged            ||     1
